 Dungeon Crawl Stone Soup version 0.20.1-1-g8b1a95d (console) character file.

55 hilaritas the Caller (level 3, -5/17 HPs)
             Began as a Vine Stalker Summoner on Dec 30, 2017.
             Killed by divine providence
             ... invoked by an orc priest
              (11 damage)
             ... on level 2 of the Dungeon.
             The game lasted 00:06:13 (1987 turns).

hilaritas the Caller (Vine Stalker Summoner)        Turns: 1987, Time: 00:06:14

Health: -5/17      AC:  3    Str: 10    XL:     3   Next: 93%
Magic:  0/8        EV: 12    Int: 16    God:
Gold:   62         SH:  0    Dex: 14    Spells: 3/7 levels left

rFire    . . .     SeeInvis .   d - +0 dagger
rCold    . . .     Gourm    .   (no shield)
rNeg     . . .     Faith    .   a - +0 robe
rPois    .         Spirit   +   (no helmet)
rElec    .         Reflect  .   (no cloak)
rCorr    .         Harm     .   (no gloves)
MR       .....                  n - +0 pair of boots
Stlth    ++........             (no amulet)
Regen    0.1/turn               (no ring)
MPRegen  0.2/turn               (no ring)

@: no status effects
A: fangs 2, magic shield, antimagic bite, no potion heal 3, rot immunity
a: no special abilities


You were on level 2 of the Dungeon.
You were not hungry.

You visited 1 branch of the dungeon, and saw 2 of its levels.

You collected 62 gold pieces.

Inventory:

Hand Weapons
 d - a +0 dagger (weapon)
Armour
 a - a +0 robe (worn)
 n - a +0 pair of boots (worn)
Jewellery
 o - a +2 ring of slaying {unknown}
Scrolls
 e - 2 scrolls of amnesia {unknown}
 j - 2 scrolls of teleportation {unknown}
 l - a scroll of magic mapping {unknown}
Potions
 f - a potion of agility {unknown}
 g - a potion of flight {unknown}
 i - 2 potions of curing {unknown}
 m - 2 potions of resistance {unknown}
Books
 b - a book of Callings

   Spells                             Type                      Level
   a - Summon Small Mammal            Summoning                    1
   b - Call Imp                       Summoning                    2
   c - Call Canine Familiar           Summoning                    3
   d - Summon Guardian Golem          Hexes/Summoning              3
   e - Summon Lightning Spire         Summoning/Air                4
   f - Summon Ice Beast               Ice/Summoning                4
Comestibles
 c - a bread ration
 h - 2 chunks of flesh
 k - 2 royal jellies


   Skills:
 * Level 0.8 Fighting
 + Level 1.6 Dodging
 - Level 2.4 Stealth
 * Level 2.9 Spellcasting
 * Level 4.8 Summonings


You had 3 spell levels left.
You knew the following spells:

 Your Spells              Type           Power        Failure   Level  Hunger
a - Summon Small Mammal   Summ           ###.         2%          1    #......
b - Call Canine Familiar  Summ           ###.....     8%          3    ###....


Dungeon Overview and Level Annotations

Branches:
Dungeon (2/15)

Altars:


Innate Abilities, Weirdness & Mutations

You have extremely sharp teeth.
When hurt, damage is shared between your health and your magic reserves.
Your bite disrupts and absorbs the magic of your enemies.
Potions cannot restore your health.
You are immune to rotting.


Message History

Orders for allies: a - Attack new target. r - Retreat! s - Stop attacking. g - Guard the area. f - Follow me.
Anything else - Cancel.
Gang up on whom?
Press: ? - help, Dir - move target cursor, f - orc priest
Aim: an orc priest, wearing a ring mail Attack!
The orc priest casts a cantrip, but nothing happens.
Your hound closely misses the rat.
The rat barely misses your hound.
Unknown command.
Your hound closely misses the rat.
Your quokka bites the orc priest but does no damage.
The orc priest miscasts a cantrip.
The rat closely misses your hound.
Your hound closely misses the rat.
Your quokka bites the orc priest but does no damage.
The orc priest mumbles some strange prayers to Beogh against you.
Beogh smites you!
Ouch! That really hurt!
You die...

... #.............. ####.###
#......(.).....
......#####......)รท......
.........'..............
##.##.#.##.##..........(...
.........................##
#.##.#.##..############..#
.##.##.#.##..#######.......#
.........rh.......('........
.##.##.#o##..#######......#.
..........@.....# #......#.
.......or...##### #......##
##....o.....# #############
....o.......# #...##.# #
####.######..###...##.######
.............'............
### ######.####......######
#.#########.#.....
#...........+.....
###########+#.....
#........##


You could see 2 orc priests, 2 orcs, a friendly hound and a friendly quokka.

Vanquished Creatures
  An adder (D:2)
  A worm (D:2)
  5 bats
  A giant cockroach (D:1)
  2 hobgoblins (D:1)
  2 jackals (D:2)
  4 goblins
  3 kobolds (D:1)
  4 rats (D:1)
23 creatures vanquished.

Vanquished Creatures (collateral kills)
  2 oozes (D:1)
  A worm (D:2)
  A dart slug (D:1)
  An orc (D:2)
  A giant cockroach (D:1)
  5 goblins (D:1)
  3 hobgoblins
  3 jackals
  A frilled lizard (D:1)
  A kobold (D:2)
  3 rats (D:1)
22 creatures vanquished.

Grand Total: 45 creatures vanquished

Notes
Turn   | Place    | Note
-------+----------+-------------------------------------------
     0 | D:1      | hilaritas the Vine Stalker Summoner began the quest for the Orb.
     0 | D:1      | Reached XP level 1. HP: 9/9 MP: 4/4
   203 | D:1      | Reached XP level 2. HP: 3/13 MP: 1/6
  1023 | D:1      | Reached XP level 3. HP: 14/17 MP: 2/7
  1036 | D:1      | Learned a level 3 spell: Call Canine Familiar
  1987 | D:2      | Killed from afar by an orc priest

Action                   || total
-------------------------++-------
Melee: Unarmed           ||    12
       Bite              ||    15
       Dagger            ||    70
 Cast: Summon Small Mamm ||    42
       Call Canine Famil ||     1
 Stab: Sleeping          ||     1
  Eat: Chunk             ||     4
Armor: Robe              ||    14
Dodge: Dodged            ||    60
